 Dungeon Crawl Stone Soup version 0.26-a0-800-g517d6fe721 (webtiles) character file.

Game seed: 13925224669028727233

25 pop123321pop the Grave Robber (level 2, -1/20 HPs)
             Began as a Minotaur Necromancer on Nov 11, 2020.
             Slain by a hobgoblin (3 damage)
             ... on level 2 of the Dungeon.
             The game lasted 00:01:44 (1435 turns).

pop123321pop the Grave Robber (MiNe)                Turns: 1435, Time: 00:01:45

Health: -1/20      AC:  8    Str: 12    XL:     2   Next: 86%
Magic:  2/3        EV:  5    Int: 12    God:
Gold:   41         SH:  0    Dex: 10    Spells: 2/3 levels left

rFire    . . .     SeeInvis .   d - +0 whip
rCold    . . .     Faith    .   (no shield)
rNeg     . . .     Spirit   .   g - +0 chain mail
rPois    .         Reflect  .   (helmet restricted)
rElec    .         Harm     .   (no cloak)
rCorr    .         Rampage  .   (no gloves)
MR       .....                  (no boots)
Stlth    ..........             (no amulet)
HPRegen  0.06/turn              (no ring)
MPRegen  0.08/turn              (no ring)

@: very slightly contaminated
A: retaliatory headbutt, horns 2
a: no special abilities


You were on level 2 of the Dungeon.
You visited 1 branch of the dungeon, and saw 2 of its levels.

You collected 41 gold pieces.

Inventory:

Hand Weapons
 d - a +0 whip (weapon)
Armour
 a - a +0 robe
 g - a +0 chain mail (worn)
Jewellery
 e - an uncursed ring of wizardry {unknown}
Scrolls
 c - a scroll of fear {unknown}
 f - a scroll of noise {unknown}
 h - 5 scrolls of teleportation {unknown}
 i - a scroll of enchant weapon {unknown}
Potions
 b - a potion of curing {unknown}
 j - 2 potions of flight {unknown}
 k - a potion of berserk rage {unknown}
 l - a potion of cancellation {unknown}


   Skills:
 + Level 1.1 Maces & Flails
 - Level 2.1 Dodging
 - Level 1.5 Stealth
 - Level 1.3 Spellcasting
 - Level 3.5 Necromancy


You had 2 spell levels left.
You knew the following spells:

 Your Spells              Type           Power        Failure   Level
a - Pain                  Necr           #...         97%         1

Your spell library contained the following spells:

 Spells                   Type           Power        Failure   Level
 Animate Skeleton         Necr           #.....       97%         1
 Vampiric Draining        Necr           #.........   100%        3
 Animate Dead             Necr           #.........   100%        4
 Agony                    Necr           #.......     100%        5


Dungeon Overview and Level Annotations

Branches:
Dungeon (2/15)

Altars:


Innate Abilities, Weirdness & Mutations

You reflexively headbutt those who attack you in melee.
You have a pair of horns on your head.


Message History

Aim: a hobgoblin (chance to defeat MR: 76%)
You miscast Pain.
You are very lightly contaminated with residual magic.
Nothing appears to happen.
The hobgoblin barely misses you.
You hit the hobgoblin.
The hobgoblin is severely wounded.
The hobgoblin hits you.
You closely miss the hobgoblin.
The hobgoblin is severely wounded.
The hobgoblin hits you.
* * * LOW HITPOINT WARNING * * *
You closely miss the hobgoblin.
The hobgoblin is severely wounded.
The hobgoblin hits you.
* * * LOW HITPOINT WARNING * * *
Your chain mail prevents you from hitting the hobgoblin.
You headbutt the hobgoblin.
The hobgoblin is almost dead.
The hobgoblin hits you.
You die...

#.# ##.####### #.........
#......... #.........
#......... #g# #g# #@#
#.# #.#
################.#######.
.........................
.###.....#######.#######.
.# #.....# #.#
.###.....##### #.#######
>............# #........


You could see 2 hobgoblins.

Vanquished Creatures
  An ooze (D:1)
  5 bats
  3 giant cockroaches (D:1)
  2 hobgoblins (D:1)
  A kobold (D:1)
  A frilled lizard (D:1)
  4 goblins (D:1)
  2 rats (D:1)
19 creatures vanquished.

Notes
Turn   | Place    | Note
-------+----------+-------------------------------------------
     0 | D:1      | pop123321pop the Minotaur Necromancer began the quest for
                  | the Orb.
     0 | D:1      | Reached XP level 1. HP: 14/14 MP: 1/1
    57 | D:1      | Reached skill level 3 in Necromancy
   438 | D:1      | Reached XP level 2. HP: 20/20 MP: 3/3
  1100 | D:1      | Reached skill level 1 in Maces & Flails
  1435 | D:2      | Slain by a hobgoblin

Illustrated notes

Levels and vault maps discovered:
D:1:      dpeg_arrival_court, layout_basic
D:2:      wad_lake_hut, layout_basic, kiku_gazebo_garden_becter,
          minmay_overflow_temple_hex

Skill      XL: |  1  2 |
---------------+-------+-----
Necromancy     | 3 |  3.5
Maces & Flails | 1 |  1.1
Dodging        | |  2.1
Stealth        | |  1.5
Spellcasting   | |  1.3

Action                   || total
-------------------------++-------
Melee: Whip              ||    79
       Headbutt          ||     8
Armor: Robe              ||    11
       Chain mail        ||    44
Dodge: Dodged            ||    35

Table legend: (Time is in decaauts)
 A = Elapsed time spent in this place.
 B = Non-inter-level travel time spent in this place.
 C = Inter-level travel time spent in this place.
 D = Time resting spent in this place.
 E = Time spent auto-exploring this place.
 F = Levels seen in this place.
 G = Mean time per level.
                   A        B        C        D        E       F      G
               +--------+--------+--------+--------+--------+-----+--------+
         Total |   1440 |   1410 |     30 |    100 |   1097 |   2 |  720.0 |
       Dungeon |   1440 |   1410 |     30 |    100 |   1097 |   2 |  720.0 |
               +--------+--------+--------+--------+--------+-----+--------+

Top non-repeatable levels by time:
     D:1: 1315 daAuts
     D:2: 124 daAuts
